 Dungeon Sprint DCSS version 0.17-a0-1011-gfa70bdd (webtiles) character file.

576 ahoge the Fighter (level 7, -6/51 HPs)
             Began as a Gargoyle Fighter on May 13, 2015.
             Was an Initiate of Okawaru.
             Mangled by a brown ugly thing (15 damage)
             ... in the Dungeon (Sprint IX: "|||||||||||||||||||||||||||||").
             The game lasted 00:03:58 (577 turns).

ahoge the Fighter (Gargoyle Fighter)                 Turns: 577, Time: 00:03:58

Health: -6/51      AC:  0    Str: 19    XL:     7   Next: 35%
Magic:  7/7        EV: 10    Int:  9    God:    Okawaru [......]
Gold:   0          SH: 11    Dex: 11    Spells: 0 memorised, 6 levels left

rFire  . . .     SeeInvis .     q - +2 morningstar (protect)
rCold  . . .     Clarity  .     s - +1 scale mail
rNeg   + . .     SustAb   .     c - +0 shield
rPois  ∞         Gourm    .     (no helmet)
rElec  +         Spirit   .     r - +0 cloak
rCorr  .         Warding  .     (no gloves)
rMut   .         NoTele   +     (no boots)
MR     .....                    (no amulet)
Stlth  ..........               (no ring)
                                (no ring)

@: corroded equipment, not resistant to hostile enchantments, extremely
unstealthy
A: negative energy resistance 1, electricity resistance, unbreathing,
petrification resistance, rot immunity, AC +4
a: Renounce Religion


You were in the Dungeon.
You worshipped Okawaru.
Okawaru was noncommittal.
You were not hungry.

You visited 1 branch

Inventory:

Hand weapons
 q - a +2 morningstar of protection (weapon)
Armour
 c - a +0 shield (worn)
 r - a +0 cloak (worn)
 s - a +1 scale mail (worn)
Jewellery
 a - a +2 ring of evasion
 b - a +3 ring of dexterity
Magical devices
 p - a wand of fire (7)
Scrolls
 k - 2 scrolls of blinking
 n - 3 scrolls of remove curse
 o - 2 scrolls of amnesia
Potions
 d - a potion of might
 f - 5 potions of curing
 h - a potion of haste
 i - 4 potions of magic
 j - a potion of berserk rage
 m - a potion of invisibility
Comestibles
 e - a bread ration


   Skills:
 + Level 9.0 Fighting
 + Level 7.7 Maces & Flails
 + Level 8.3 Armour
 + Level 3.2 Dodging
 + Level 8.9 Shields
 + Level 1.0 Invocations


You had 6 spell levels left.
You didn't know any spells.

Dungeon Overview and Level Annotations

Branches:
Dungeon (1/1)

Altars:
Cheibriados
Dithmenos
Elyvilon
Fedhas
Gozag
Kikubaaqudgha
Makhleb
Nemelex Xobeh
Okawaru
Qazlal
Ru
Sif Muna
Trog
Vehumet
Xom
Yredelemnul
Zin
The Shining One
Beogh
Jiyva
Lugonu


Innate Abilities, Weirdness & Mutations

You are resistant to torment.
Your stone body is resilient (AC +4).
You are immune to poison.
You resist negative energy.
You are resistant to electric shocks.
You can survive without breathing.
You are immune to petrification.
You are immune to rotting.


Message History

You puncture the brown ugly thing!
The brown ugly thing is heavily wounded.
The brown ugly thing barely misses you.
All of the chunks of flesh in your inventory have rotted away.
You puncture the brown ugly thing!
The brown ugly thing is severely wounded.
The brown ugly thing barely misses you.
You hit the brown ugly thing.
The brown ugly thing is almost dead.
The brown ugly thing claws you.
* * * LOW HITPOINT WARNING * * *
You are splashed with acid!
The acid corrodes your equipment!
The acid burns!
* * * LOW HITPOINT WARNING * * *
You are too injured to fight recklessly!
You are too injured to fight recklessly!
You are too injured to fight recklessly!
You hit the brown ugly thing but do no damage.
The brown ugly thing is severely wounded.
The brown ugly thing claws you!
You die...

▓+▓
▓Z▓
▓s▓
▓o▓
▓Q▓
▓K▓
▓u▓
▓@▓
▓(▓
▓.▓
▓.▓
▓.▓
▓.▓
▓)▓
▓'▓
▓(▓


You could see a brown ugly thing, a tengu warrior, a big kobold, a scorpion, an
orc and a bat zombie.

Vanquished Creatures
  A gargoyle (D)
  An ogre (D)
  A centaur (D)
  2 scorpions (D)
  An adder (D)
  2 adder zombies (D)
  A giant gecko (D)
  A bat (D)
  4 goblins (D)
  A giant gecko zombie (D)
  A kobold (D)
16 creatures vanquished.

Notes
Turn   | Place    | Note
--------------------------------------------------------------
     0 | D        | ahoge the Gargoyle Fighter began the quest for the Orb.
     0 | D        | Reached XP level 1. HP: 14/14 MP: 1/1
    21 | D        | Reached skill level 4 in Shields
    31 | D        | Noticed a scorpion
    35 | D        | Reached XP level 2. HP: 17/20 MP: 2/2
    58 | D        | Killed a scorpion
    58 | D        | Reached skill level 5 in Fighting
    58 | D        | Reached skill level 5 in Armour
    58 | D        | Reached skill level 1 in Dodging
    58 | D        | Reached skill level 5 in Shields
    58 | D        | Reached XP level 3. HP: 3/26 MP: 3/3
    58 | D        | Reached XP level 4. HP: 3/31 MP: 4/4
    66 | D        | Found a glowing silver altar of Zin.
    66 | D        | Found a glowing golden altar of the Shining One.
    66 | D        | Found an ancient bone altar of Kikubaaqudgha.
    66 | D        | Found a basalt altar of Yredelemnul.
    66 | D        | Found a shimmering altar of Xom.
    66 | D        | Found a radiant altar of Vehumet.
    67 | D        | Found an iron altar of Okawaru.
    68 | D        | Found a burning altar of Makhleb.
    69 | D        | Found a deep blue altar of Sif Muna.
    70 | D        | Found a bloodstained altar of Trog.
    71 | D        | Found a sparkling altar of Nemelex Xobeh.
    72 | D        | Found a white marble altar of Elyvilon.
    73 | D        | Found a roughly hewn altar of Beogh.
    74 | D        | Found a viscous altar of Jiyva.
    75 | D        | Became a worshipper of Warmaster Okawaru
    76 | D        | Found a corrupted altar of Lugonu.
    77 | D        | Found a blossoming altar of Fedhas.
    78 | D        | Found a snail-covered altar of Cheibriados.
    79 | D        | Found a shadowy altar of Dithmenos.
    80 | D        | Found a stormy altar of Qazlal.
    81 | D        | Found an opulent altar of Gozag.
    82 | D        | Found a sacrificial altar of Ru.
   337 | D        | Noticed a gargoyle
   337 | D        | Noticed a scorpion
   337 | D        | Noticed an ogre
   337 | D        | Noticed a centaur
   342 | D        | Killed a centaur
   342 | D        | Reached skill level 6 in Fighting
   342 | D        | Reached XP level 5. HP: 26/37 MP: 5/5
   346 | D        | Killed an ogre
   346 | D        | Acquired Okawaru's first power
   346 | D        | Reached skill level 7 in Fighting
   346 | D        | Reached skill level 5 in Maces & Flails
   346 | D        | Reached XP level 6. HP: 15/44 MP: 6/6
   354 | D        | Killed a scorpion
   369 | D        | Killed a gargoyle
   369 | D        | Reached skill level 9 in Fighting
   369 | D        | Reached skill level 1 in Invocations
   369 | D        | Reached XP level 7. HP: 17/51 MP: 4/7
   564 | D        | Noticed a scorpion
   564 | D        | Noticed a tengu warrior
   564 | D        | Noticed a brown ugly thing
   564 | D        | Noticed a big kobold
   577 | D        | Mangled by a brown ugly thing

Vault maps used:
D:        linesprint

Action                   |  1- 3 |  4- 6 |  7- 9 || total
-------------------------+-------+-------+-------++-------
Melee: Flail             |    43 |     1 |       ||    44
       Morningstar       |       |    28 |    11 ||    39
Invok: Heroism           |       |     1 |       ||     1
  Use: Potion            |       |     2 |     1 ||     3
